 Dungeon Crawl Stone Soup version 0.21-a0-200-gb89f83b (webtiles) character file.

186 tehllama the Insei (level 5, 0/33 HPs)
             Began as an Octopode Transmuter on Aug 17, 2017.
             Slain by brknglss's ghost (16 damage)
             ... on level 4 of the Dungeon.
             The game lasted 00:05:12 (3758 turns).

tehllama the Insei (Octopode Transmuter)            Turns: 3758, Time: 00:05:13

Health: 0/33       AC:  1    Str: 14    XL:     5   Next: 65%
Magic:  8/8        EV: 13    Int: 15    God:
Gold:   72         SH:  0    Dex: 13    Spells: 2/8 levels left

rFire    . . .     SeeInvis +     - Unarmed
rCold    . . .     Gourm    .   (no shield)
rNeg     . . .     Faith    .   (helmet restricted)
rPois    .         Spirit   .   (no amulet)
rElec    .         Reflect  .   e - ring of resist corrosion
rCorr    +         Harm     .   g - ring of flight
MR       .....                  p - +4 ring of strength
Stlth    ++++......             y - ring of see invisible
HPRegen  0.11/turn              A - ring of stealth
MPRegen  0.11/turn              (no ring)
                                (no ring)
                                (no ring)

@: no status effects
A: almost no armour, stealthy swim, amphibious, 8 rings, constrict 8, camouflage
1, gelatinous body 1
a: Evoke Flight


You were on level 4 of the Dungeon.
You were not hungry.

You visited 1 branch of the dungeon, and saw 5 of its levels.

You collected 72 gold pieces.

Inventory:

Missiles
 a - 34 arrows
 f - 22 poisoned needles
Jewellery
 e - a ring of resist corrosion (left tentacle)
 g - a ring of flight (right tentacle)
 p - a +4 ring of strength (on tentacle)
 y - a ring of see invisible (on tentacle)
 A - a ring of stealth (on tentacle)
Scrolls
 d - a scroll of fog
 j - a scroll of enchant weapon
 s - a scroll of remove curse
 v - 2 scrolls of magic mapping {unknown}
 x - a scroll of noise {unknown}
Potions
 i - a potion of brilliance
 k - a potion of magic
 n - a potion of berserk rage {unknown}
 o - a potion of agility
 z - 2 potions of cancellation
Books
 b - a book of Changes

   Spells                             Type                      Level
   a - Beastly Appendage              Transmutation                1
   b - Sticks to Snakes               Transmutation                2
   c - Spider Form                    Transmutation/Poison         3
   d - Ice Form                       Ice/Transmutation            4
   e - Blade Hands                    Transmutation                5
 w - a book of Misfortune

   Spells                             Type                      Level
   a - Confusing Touch                Hexes                        1
   b - Confuse                        Hexes                        3
   c - Gell's Gravitas                Translocation                3
   d - Petrify                        Transmutation/Earth          4
   e - Metabolic Englaciation         Hexes/Ice                    5
   f - Yara's Violent Unravelling     Hexes/Transmutation          5
Comestibles
 c - 4 bread rations
 h - 3 fruits
 l - a meat ration
 m - a chunk of flesh


   Skills:
 - Level 1.0 Fighting
 - Level 2.0 Dodging
 + Level 3.8 Stealth
 + Level 5.4 Unarmed Combat
 - Level 2.0 Spellcasting
 - Level 2.0 Transmutations


You had 2 spell levels left.
You knew the following spells:

 Your Spells              Type           Power        Failure   Level  Hunger
a - Beastly Appendage     Tmut           #.....       10%         1    #......
b - Sticks to Snakes      Tmut           #.......     14%         2    ###....
c - Spider Form           Tmut/Pois      #.........   41%         3    ###....


Dungeon Overview and Level Annotations

Branches:
Dungeon (5/15)
 Temple: D:4-7

Altars:
Nemelex Xobeh
Okawaru

Annotations:
D:4 brknglss's ghost, amateur GrEE


Innate Abilities, Weirdness & Mutations

You cannot wear most types of armour.
You are very stealthy in the water. (Stealth+)
You are amphibious.
You can wear up to eight rings at the same time.
You can use your tentacles to constrict eight enemies at once.
Your skin changes colour to match your surroundings (Stealth+).
Your rubbery body absorbs attacks. (AC +1, EV +1)


Message History

You squeeze the bullfrog zombie.
You destroy the bullfrog zombie!
Your transformation is almost over.
You closely miss the frilled lizard. You grab the frilled lizard.
You constrict the frilled lizard.
You kill the frilled lizard!
You see here a frilled lizard corpse.
You butcher the frilled lizard corpse.
m - a chunk of flesh Your tentacle spike disappears.
There is a stone staircase leading up here.
You see here a potion of degeneration.
You start resting.
HP restored.
You climb upwards.
Level annotation: brknglss's ghost, amateur GrEE Brknglss's ghost hits you!
There is a stone staircase leading down here.
Brknglss's ghost hits you.
You are electrocuted!
You die...

##......##.##.......#......
#.......#.#####....#......
#.(.....#..........#.....#
#.......#........####....#
#...###.#........# #.....
#...####.#.#####.#####....#
#...##...........#.....#...
.........######...##.#...
........@W........##.#...
.........######...##.#.#.
..##.....+ #...#....#. .
##....# #...#....#. #...##
#####....#. ##### #....#.
##.#.## #.#.# #.#.#


You could see brknglss's ghost.

Vanquished Creatures
  A bullfrog zombie (D:5)
  Crazy Yiuf (D:3)
  6 adders
  An ooze (D:1)
  2 dart slugs (D:1)
  2 leopard geckos (D:1)
  An orc (D:3)
  A ball python (D:2)
  12 bats
  3 giant cockroaches
  7 goblins
  9 hobgoblins
  2 quokkas
  4 frilled lizards
  6 kobolds
  8 rats
66 creatures vanquished.

Notes
Turn   | Place    | Note
-------+----------+-------------------------------------------
     0 | D:1      | tehllama the Octopode Transmuter began the quest for the Orb.
     0 | D:1      | Reached XP level 1. HP: 13/13 MP: 3/3
    39 | D:1      | Reached XP level 2. HP: 9/18 MP: 5/5
   496 | D:1      | Reached skill level 4 in Unarmed Combat
   772 | D:1      | Reached XP level 3. HP: 23/23 MP: 4/6
  1260 | D:2      | Reached skill level 1 in Stealth
  1449 | D:2      | Reached XP level 4. HP: 28/28 MP: 5/7
  2123 | D:3      | Found a sparkling altar of Nemelex Xobeh.
  2471 | D:3      | Reached skill level 5 in Unarmed Combat
  2471 | D:3      | Reached XP level 5. HP: 26/33 MP: 6/8
  2551 | D:3      | Found a runed door.
  2629 | D:3      | Found an iron altar of Okawaru.
  2705 | D:3      | Learned a level 2 spell: Sticks to Snakes
  2709 | D:3      | Learned a level 3 spell: Spider Form
  2905 | D:3      | Noticed Crazy Yiuf
  2911 | D:3      | Killed Crazy Yiuf
  3007 | D:4      | Noticed brknglss's ghost (amateur GrEE)
  3052 | D:5      | Entered Level 5 of the Dungeon
  3758 | D:4      | Slain by brknglss's ghost

Vault maps used:
D:1:      lightli_arrival_noodles
D:3:      nemelex_xobeh_ov_fountains_minmay, serial_bayou_pond_d,
          okawaru_metal_pillars_1_2, uniq_crazy_yiuf_cottage
D:4:      gammafunk_temple_overflow_claw, serial_bayou_lagoon_a
D:5:      first_bread, minivault_26, uniq_eustachio

Skill      XL: |  1  2  3  4 |
---------------+-------------+-----
Unarmed Combat | 4 5 |  5.4
Stealth        | 1 3 |  3.8
Fighting       | |  1.0
Dodging        | |  2.0
Spellcasting   | |  2.0
Transmutations | |  2.0

Action                   |  1- 3 |  4- 6 || total
-------------------------+-------+-------++-------
Melee: Unarmed           |    64 |    73 ||   137
       Tentacles         |     4 |    11 ||    15
       Constrict         |    13 |    17 ||    30
       Kick              |    10 |    12 ||    22
       Punch             |       |     2 ||     2
 Cast: Beastly Appendage |    13 |    19 ||    32
       Sticks to Snakes  |       |     3 ||     3
       Spider Form       |       |     2 ||     2
  Use: Scroll            |       |     9 ||     9
       Potion            |       |     1 ||     1
 Stab: Sleeping          |     4 |     8 ||    12
  Eat: Chunk             |     2 |     5 ||     7
       Fruit             |       |     3 ||     3
Armor: Skin              |     6 |     7 ||    13
Dodge: Dodged            |    50 |    44 ||    94
